Cogmind - Beta 16 @@@ ROGUE MODE // 2026.01.04 @ 02:36:12 Player: leto Result: Destroyed by as-97717 with Assembled Rifle Performance ------------- Evolutions (1) 500 Regions Visited (4) 800 Robots Destroyed (78) 390 Value Destroyed (1876) 1876 Prototype IDs (2) 40 Alien Tech Used (0) 0 Bonus (-139) -139 TOTAL SCORE: 3467 Bonus ------- Friendly Fire -139 Cogmind --------- Core Integrity 0/400 Matter 165/300 Energy 280/280 System Corruption 0% Temperature Cool (0) Movement Treading (320) Ox2 Location -9/Mines Parts ------- > --- POWER (1) -------- Heavy Ion Engine > --- PROPULSION (3) --- Light Treads > --- UTILITY (3) ------ High-capacity Storage Unit > --- WEAPON (2) ------- Mini Grenade Launcher > --- INVENTORY (20) --- Improved Ion Engine Improved Ion Engine Heavy Ion Engine Wheel VTOL Module VTOL Module VTOL Module VTOL Module Propulsion Shielding Propulsion Shielding Utility Shielding Utility Shielding Utility Shielding Hacking Suite Hacking Suite Heavy Assault Rifle Heavy Assault Rifle Heavy Assault Rifle Heavy Assault Rifle Datajack Peak State ------------ > --- POWER ------------ Heavy Ion Engine > --- PROPULSION ------- Light Treads Light Treads Improved Flight Unit > --- UTILITY ---------- High-capacity Storage Unit Medium Armor Plating Medium Armor Plating > --- WEAPON ----------- Heavy Assault Rifle Heavy Assault Rifle > --- INVENTORY -------- Improved Ion Engine Improved Ion Engine Heavy Ion Engine Light Treads Light Treads Light Treads Wheel Improved Flight Unit Propulsion Shielding Propulsion Shielding Utility Shielding Utility Shielding Utility Shielding Hacking Suite Hacking Suite Heavy Assault Rifle Heavy Assault Rifle Grenade Launcher Mini Grenade Launcher Datajack [Rating: 20] Favorites ----------- Power Heavy Ion Engine Engine Heavy Ion Engine Propulsion Light Treads Treads Light Treads Wheel Wheel Flight Unit Flight Unit Utility High-capacity Storage Unit Storage High-capacity Storage Unit Protection Medium Armor Plating Weapon Heavy Assault Rifle Energy Gun Medium Laser Ballistic Gun Heavy Assault Rifle Launcher Mini Grenade Launcher Build | -11 -10 -10 -9 -9 ------- Run | Yrd Mat Min Mat Min Slots Evolved 2 | . . . 2 . Power . | . . . . . Propulsion 1 | . . . 1 . Utility 1 | . . . 1 . Weapon . | . . . . . Parts Attached 41 | 7 7 . 25 2 Power 3 | 1 . . 2 . Engine 3 | 1 . . 2 . Core . | . . . . . Reactor . | . . . . . Propulsion 16 | 3 1 . 12 . Treads 13 | 2 1 . 10 . Leg . | . . . . . Wheel 1 | 1 . . . . Hover . | . . . . . Flight 2 | . . . 2 . Utility 10 | 2 3 . 5 . Device . | . . . . . Storage 7 | 2 3 . 2 . Processor . | . . . . . Hackware . | . . . . . Protection 3 | . . . 3 . Artifact . | . . . . . Weapon 12 | 1 3 . 6 2 Energy Gun 2 | 1 . . 1 . Energy Cannon . | . . . . . Ballistic Gun 8 | . 3 . 5 . Ballistic Cannon . | . . . . . Launcher 2 | . . . . 2 Special Weapon . | . . . . . Impact Weapon . | . . . . . Slashing Weapon . | . . . . . Piercing Weapon . | . . . . . Special Melee Weapon . | . . . . . Unidentified Prototypes 2 | . . . 2 . Parts Lost 8 | . . . 3 5 Power . | . . . . . Propulsion 2 | . . . . 2 Utility 2 | . . . . 2 Weapon 4 | . . . 3 1 Highest Loss Streak 5 | . . . 2 5 To Critical Strikes . | . . . . . Average Backups 16 | . 9 13 18 20 Power 1 | . . . 1 3 Propulsion 5 | . 3 4 5 5 Utility 5 | . 2 4 6 7 Weapon 4 | . 3 5 4 4 Tool/Special . | . . . . . Unused Backups 26 | . . . 8 18 Power 4 | . . . 1 3 Propulsion 6 | . . . 1 5 Utility 10 | . . . 3 7 Weapon 5 | . . . 3 2 Tool/Special 1 | . . . . 1 Average Slot Usage (%) 93 | . 99 100 90 95 Engine 11 | . 14 14 11 11 Treads 30 | . 28 28 31 30 Storage 18 | . 28 28 15 11 Protection 7 | . . . 10 19 Energy Gun 2 | . 7 . 1 . Ballistic Gun 21 | . 20 28 20 18 Peak Build Rating 20 | 6 8 8 20 18 Average Rating 13 | 4 7 8 15 17 On Entrance 8 | . 6 8 8 18 Avg Prop Armor Cover (%) . | . . . . . Naked Turns . | . . . . . Heaviest Build 134 | 17 89 89 134 68 Greatest Support 60 | 40 40 40 60 60 Greatest Overweight (x) 29 | 1 2 2 29 2 Average Overweight (x) . | . . 2 1 1 Largest Inventory Capacity 20 | 8 20 20 20 20 Average Capacity 18 | 7 14 20 20 20 Most Carried 20 | 1 13 13 20 20 Average Carried 16 | . 9 13 18 20 Final Capacity 20 | 8 20 20 20 20 Final Carried 20 | 1 13 13 20 20 Class Distribution -------------------- 84% | Mutant 15% | Scavenger-Mutant Dominant Class ---------------- Mutant | -10/Materials Mutant | -10/Mines Mutant | -9/Materials Mutant | -9/Mines Resources | -11 -10 -10 -9 -9 ----------- Run | Yrd Mat Min Mat Min Matter Collected 1501 | 102 363 65 930 41 Remotely . | . . . . . Salvage Created 2652 | 66 419 110 2016 41 Parts 162 | 1 38 4 117 2 Haulers Intercepted 8 | . 2 . 6 . Recyclers Shooed 2 | 1 . . 1 . Parts Field Recycled . | . . . . . Retrieved Matter . | . . . . . Parts Self-Destructed . | . . . . . Prevented . | . . . . . Parts Restored . | . . . . . Kills | -11 -10 -10 -9 -9 ------- Run | Yrd Mat Min Mat Min Combat Hostiles Destroyed 53 | . 7 2 40 4 Guns 49 | . 7 2 40 . AOE 4 | . . . . 4 Classes Destroyed 12 | 1 7 . 2 2 Worker 6 | . 3 1 2 . Tunneler 1 | . 1 . . . Hauler 8 | . 2 . 6 . Recycler 2 | 1 . . 1 . Operator 3 | . 1 . 2 . Watcher 6 | . 2 . 4 . Swarmer 12 | . 3 . 9 . Grunt 26 | . 4 2 20 . Brawler 1 | . . . 1 . Sentry 10 | . . . 10 . Demolisher 2 | . . . . 2 Assembled 2 | . . . . 2 Thug 1 | . . . . 1 Best Kill Streak 7 | 1 4 2 7 4 Combat Bots Only 6 | . 3 1 6 4 Max Kills in Single Turn 2 | 1 2 1 1 1 Gunslinging . | . . . . . Exploded 1 | . . . . 1 Melee . | . . . . . Uniques/NPCs Destroyed . | . . . . . Combat | -11 -10 -10 -9 -9 -------- Run | Yrd Mat Min Mat Min Hostile Shots Fired 301 | . 40 19 217 25 Missed 92 | . 15 5 67 5 Hits 209 | . 25 14 150 20 Projectile 209 | . 25 14 150 20 AOE 8 | . . . . 8 Critical Strikes 10 | . . 2 8 . Damage Taken 2896 | . 273 198 1772 653 Core 481 | . 34 42 226 179 Absorbed by Shields . | . . . . . Core Remaining (%) 84 | 100 . 69 . . Volleys Fired 218 | 7 35 15 152 9 Largest 2 | 1 2 2 2 2 Hottest 88 | 50 70 40 88 60 Shots Fired 406 | 7 70 30 285 14 Gun 392 | 7 70 30 285 . Cannon . | . . . . . Launcher 14 | . . . . 14 Special . | . . . . . Kinetic 315 | . 37 30 248 . Thermal 77 | 7 33 . 37 . Explosive 14 | . . . . 14 Electromagnetic . | . . . . . Robot Hit Streak 13 | 4 9 6 13 11 Robot Miss Streak 6 | 1 3 2 6 1 Penetration Max . | . . . . . Secondary Targets 3 | . . 1 2 . Max Gunslinging Chain 1 | . . 1 1 . Shots Hit Robots 265 | 5 45 18 189 8 Core Hits 134 | 2 22 7 80 23 Critical Kills . | . . . . . Critical Parts Destroyed . | . . . . . Critical Strikes 2 | . 1 . 1 . Burn 2 | . 1 . 1 . Melee Attacks . | . . . . . Impact . | . . . . . Slashing . | . . . . . Piercing . | . . . . . Sneak Attacks . | . . . . . Combat Hostiles . | . . . . . Follow-up Attacks . | . . . . . Damage Inflicted 4272 | 61 602 234 2980 395 Guns 3668 | 61 577 234 2796 . Cannons . | . . . . . Explosions 395 | . . . . 395 Melee . | . . . . . Ramming 209 | . 25 . 184 . Kinetic 2951 | . 344 234 2373 . Thermal 717 | 61 233 . 423 . Explosive 395 | . . . . 395 Electromagnetic . | . . . . . Impact . | . . . . . Slashing . | . . . . . Piercing . | . . . . . Highest Corruption 1 | . 1 1 . . Average Corruption 1 | . 1 1 . . Corruption Purged . | . . . . . Corruption Blocked . | . . . . . Effects 10 | . 7 3 . . Message Errors 1 | . 1 . . . Matter Fused 5 | . 4 1 . . Heat Flow Errors 1 | . . 1 . . Energy Discharges 2 | . 1 1 . . Data Loss (minor) 1 | . 1 . . . Overload Shots . | . . . . . Overflow Damage 14 | . . . . 14 Projectiles . | . . . . . Explosions 14 | . . . . 14 Melee . | . . . . . Knockbacks 1 | . . . 1 . Impact 1 | . . . 1 . Kinetic . | . . . . . Secondary . | . . . . . Self-Inflicted Damage 191 | . . . . 191 Shots 7 | . . . . 7 Rammed 31 | . 3 . 27 1 Targets Rammed 37 | . 5 . 31 1 Kicked . | . . . . . Crushed 6 | . 2 . 4 . Highest Temperature 234 | 70 183 234 126 4 Average Temperature 38 | 36 47 57 32 2 Received Heat Transfer 984 | . 111 150 723 . Siege Activations . | . . . . . Martial Activations . | . . . . . Shielding Activations . | . . . . . Robots Disrupted . | . . . . . Combat Hostiles . | . . . . . Robots Corrupted 1 | . . . 1 . Combat Hostiles . | . . . . . Parts Fried 1 | . . . 1 . Impact Corruptions 1 | . . . 1 . Robots Melted . | . . . . . Combat Hostiles . | . . . . . Parts Melted 4 | 2 2 . . . Heat Transferred 2035 | 185 777 . 1073 . Parts Sabotaged . | . . . . . Parts Stolen . | . . . . . Parts Stripped . | . . . . . Power Chain Reactions . | . . . . . Alert | -11 -10 -10 -9 -9 ------- Run | Yrd Mat Min Mat Min Maximum Alert Level 1 | . . . 1 . Low Security (%) 63 | 100 100 100 46 100 Level 1 36 | . . . 53 . Level 2 . | . . . . . Level 3 . | . . . . . Level 4 . | . . . . . Level 5 . | . . . . . High Security . | . . . . . Max Security . | . . . . . Peak Influence 353 | 5 107 45 353 137 Initial 137 | . . . . 137 Average 130 | . 13 4 183 70 Influence Increases 1703 | 5 293 55 1253 97 Destroy 0b10 Robot/C 1020 | . 140 40 800 40 Destroy 0b10 Robot/NC 130 | 5 45 5 75 . Destroy Leader 298 | . 48 10 230 10 Successful Hack 53 | . 15 . 38 . Disable Machine 45 | . . . 30 15 Destroy Structure 37 | . . . 5 32 Lose Combat Pursuer 120 | . 45 . 75 . Influence Decreases 1654 | 5 293 55 900 401 Entered New Map 216 | . . . . 216 Time Decay 999 | 5 229 55 570 140 Lost Part 75 | . . . 30 45 Purge Threat 364 | . 64 . 300 . Squads Dispatched 8 | . 3 . 5 . Investigation 5 | . 2 . 3 . Extermination . | . . . . . Reinforcement 3 | . 1 . 2 . Assault . | . . . . . Garrison . | . . . . . Intercept . | . . . . . Searches Triggered . | . . . . . Construction Impeded . | . . . . . Haulers Reinforced . | . . . . . Active Scanning Responses . | . . . . . Cargo Convoy Interrupts . | . . . . . Stealth | -11 -10 -10 -9 -9 --------- Run | Yrd Mat Min Mat Min Distress Signals 7 | . 1 . 6 . Communications Jammed . | . . . . . Distress Signals . | . . . . . Times Spotted 117 | . 14 2 90 11 Peak Tracking Total 8 | . 3 2 5 8 Tactical Retreats 5 | . 1 . 4 . Traps | -11 -10 -10 -9 -9 ------- Run | Yrd Mat Min Mat Min Traps Triggered 3 | . 2 . 1 . Indirectly . | . . . . . Trap Hack Attempts . | . . . . . Triggered . | . . . . . Disarmed . | . . . . . Reprogrammed . | . . . . . Reused . | . . . . . Traps Extracted . | . . . . . Installed . | . . . . . Triggered . | . . . . . Machines | -11 -10 -10 -9 -9 ---------- Run | Yrd Mat Min Mat Min Machines Disabled 3 | . . . 2 1 Max in Single Turn 1 | . . . 1 1 Machines Repaired . | . . . . . Machines Dismantled . | . . . . . Machines Sabotaged . | . . . . . Overloaded Fab Kills . | . . . . . Hacking | -11 -10 -10 -9 -9 --------- Run | Yrd Mat Min Mat Min Machines Accessed 19 | . 7 . 12 . Terminals 17 | . 7 . 10 . Fabricators . | . . . . . Repair Stations . | . . . . . Recycling Units . | . . . . . Scanalyzers 2 | . . . 2 . Garrison Access . | . . . . . Total Hacks 46 | . 14 . 32 . Successful 29 | . 7 . 22 . Failed 17 | . 7 . 10 . Catastrophic 1 | . . . 1 . Database Lockouts . | . . . . . Manual 40 | . 14 . 26 . Terminals 39 | . 14 . 25 . Fabricators . | . . . . . Repair Stations . | . . . . . Recycling Units . | . . . . . Scanalyzers 7 | . . . 7 . Garrison Access . | . . . . . Terminal Hacks 6 | . 1 . 5 . Branch Access Points 1 | . . . 1 . Scanalyzer Index 1 | . . . 1 . Unreport Threat 3 | . 1 . 2 . Recall Reinforcements 1 | . . . 1 . Fabricator Hacks . | . . . . . Repair Station Hacks . | . . . . . Recycling Unit Hacks . | . . . . . Scanalyzer 6 | . . . 6 . Insert Component 3 | . . . 3 . Analyze 3 | . . . 3 . Garrison Access Hacks . | . . . . . Unauthorized Hacks 17 | . 6 . 11 . Terminals 17 | . 6 . 11 . Botnet 15 | . 5 . 10 . Operators 2 | . 1 . 1 . Fabricators . | . . . . . Repair Stations . | . . . . . Recycling Units . | . . . . . Scanalyzers . | . . . . . Garrison Access . | . . . . . Data Cores Recovered . | . . . . . Used . | . . . . . Hacking Detections 13 | . 3 . 10 . Full Trace Events 4 | . 1 . 3 . Feedback Events . | . . . . . Feedback Blocked . | . . . . . Robot Schematics Acquired . | . . . . . Robots Built . | . . . . . Authchips . | . . . . . Time . | . . . . . Total Robot Build Rating . | . . . . . Part Schematics Acquired 3 | . . . 3 . Parts Built . | . . . . . Authchips . | . . . . . Time . | . . . . . Total Part Build Rating . | . . . . . Part Studies Acquired . | . . . . . Parts Repaired . | . . . . . Time . | . . . . . Parts Recycled . | . . . . . Recycled Matter . | . . . . . Retrieved Matter . | . . . . . Retrieved Components . | . . . . . Parts Scanalyzed 3 | . . . 3 . Part Schematics Acquired 3 | . . . 3 . Parts Damaged . | . . . . . Bothacking | -11 -10 -10 -9 -9 ------------ Run | Yrd Mat Min Mat Min Used RIF Installer . | . . . . . Robots Hacked . | . . . . . Non-combat . | . . . . . Combat . | . . . . . Robot Hacks Applied . | . . . . . Relay Couplers Released . | . . . . . Fabnet Peak Effective % . | . . . . . Robots Rewired . | . . . . . Allies Hacked . | . . . . . Hacks Repelled . | . . . . . Allies | -11 -10 -10 -9 -9 -------- Run | Yrd Mat Min Mat Min Total Allies 1 | . . . . 1 Largest Group 1 | . . . . 1 Highest-Rated Group 31 | . . . . 31 Highest-Rated Ally 31 | . . . . 31 Total Orders . | . . . . . Ally Attacks 1 | . . . . 1 Total Damage 21 | . . . . 21 Kills . | . . . . . Allies Corrupted . | . . . . . Allies Melted . | . . . . . Intel | -11 -10 -10 -9 -9 ------- Run | Yrd Mat Min Mat Min Active Infowar (turns) . | . . . . . Robot Analysis Total . | . . . . . Derelict Logs Recovered 2 | . . 1 . 1 Drone Launches . | . . . . . Drone Recoveries . | . . . . . Exploration | -11 -10 -10 -9 -9 ------------- Run | Yrd Mat Min Mat Min Turns Passed 8214 | 69 1793 484 5570 298 Spaces Moved 3001 | 30 730 132 1998 111 Core 3 | 2 . . 1 . Treads 2992 | 22 730 132 1997 111 Legs . | . . . . . Wheels 6 | 6 . . . . Hover . | . . . . . Flight . | . . . . . Fastest Speed 50 | 50 160 320 160 240 Average Speed 238 | 138 217 320 242 243 Slowest Speed 1500 | 160 320 320 1500 320 Overloaded Moves . | . . . . . Propulsion Burnouts . | . . . . . Robots Hopped . | . . . . . Potential Cave-ins . | . . . . . Cave-ins Triggered . | . . . . . Exploration Rate (%) 52 | 5 98 35 99 27 Regions Visited 4 Branch Regions 2 Pre-discovered Areas . | . . . . . Known Exits Taken 2 | . . 1 1 . Unknown Exits Taken 2 | 1 1 . . . Scrap Searched 1 | . . . . 1 Spaces Dug . | . . . . . Terrain Destroyed 69 | . . . . 69 Melee . | . . . . . Projectile . | . . . . . AOE 69 | . . . . 69 Terrain Rammed . | . . . . . Walls Destroyed . | . . . . . Machines Disabled . | . . . . . Actions | -11 -10 -10 -9 -9 --------- Run | Yrd Mat Min Mat Min Total 3601 | 47 864 165 2402 123 Wait 240 | 3 75 19 143 . Move 2997 | 29 729 131 1997 111 Hop . | . . . . . Pick Up 34 | 1 10 . 23 . Fast Attach 14 | 6 1 . 7 . Attach 2 | . . . 2 . Detach . | . . . . . Swap 27 | 1 6 . 18 2 Drop 32 | . 3 . 29 . Fire 218 | 7 35 15 152 9 Melee . | . . . . . Ram . | . . . . . Kick . | . . . . . Crush 37 | . 5 . 31 1 Escape Stasis . | . . . . . Rewire . | . . . . . Trap . | . . . . . Miscellaneous . | . . . . . Route ------- -11/Scrapyard -10/Materials (discovered 5 exits: *Mat x3 / [*Min x2]) -10/Mines (discovered 2 exits: *Mat x2) -9/Materials (discovered 4 exits: [*Mat x3] / *Min) -9/Mines (discovered 1 exit: [*Mat]) History --------- Turn | Location | Event 39 | -11/Scrapyard | Discovered new exit (range 16) 70 | -11/Scrapyard | Entered Materials 71 | -10/Materials | Met a group of wandering Federalists 197 | -10/Materials | Discovered new exit (range 14) 241 | -10/Materials | Discovered new exit (range 16) 307 | -10/Materials | Build established: Mutant 422 | -10/Materials | Discovered new exit (range 7) 877 | -10/Materials | Discovered new exit (range 11) 1354 | -10/Materials | Discovered new exit (range 16) 1863 | -10/Materials | Entered Mines 2283 | -10/Mines | Discovered new exit (range 10) 2315 | -10/Mines | Identified exit to Materials 2347 | -10/Mines | Entered Materials 2347 | -9/Materials | Evolved 2 slots: Propulsion x1, Utility x1 2547 | -9/Materials | Discovered new exit (range 11) 3235 | -9/Materials | Build established: Scavenger-Mutant 3396 | -9/Materials | Discovered new exit (range 16) 4513 | -9/Materials | Build established: Mutant 4698 | -9/Materials | Discovered new exit (range 6) 5088 | -9/Materials | Discovered new exit (range 11) 7446 | -9/Materials | Core integrity fell below 50% 7735 | -9/Materials | Identified exit to Mines 7917 | -9/Materials | Entered Mines 7939 | -9/Mines | Met a Derelict bent on vengeance 7954 | -9/Mines | Learned location of 2 exits from Materials 7980 | -9/Mines | Discovered new exit (range 6) 8091 | -9/Mines | Received a Mining Laser from a helpful Derelict 8158 | -9/Mines | Assembled infested the area 8208 | -9/Mines | Core integrity fell below 20% 8215 | -9/Mines | Destroyed by as-97717 with Assembled Rifle Last Messages --------------- The unstable cave ceiling collapses. D-53 Grenadier destroyed. T-07 Excavator destroyed. D-53 Grenadier destroyed. Lgt. Treads destroyed. Destroyed Lgt. Treads. Lgt. Treads destroyed. Destroyed Lgt. Treads. U-05 Engineer lays Concrete. The unstable cave ceiling collapses. U-05 Engineer lays Concrete. as-54280 destroyed. The unstable cave ceiling collapses. U-05 Engineer destroyed. The unstable cave ceiling collapses. as-12179 destroyed. Seismic Survey Station disabled. U-05 Engineer lays Concrete. The unstable cave ceiling collapses. Grenade Launcher destroyed. Map ----- +----------------------------------------------------+ | ?????????????????????????????????????????????????? | | ?????????????????????????????????????????????????? | | ?????????????????????????????????????????????????? | | ?????????????????????????????????????????????????? | | ?????????????????????????????????????????????????? | | ?????????????????????????????????????????????????? | | ?????????????????????????????????????????????????? | | ?????????????????????##??????????????????????????? | | ???????????????????## ##????????????????????????? | | ??????????????????## ##???????????????????????? | | ?????????????????## #???????????????????????? | | ?????????????????# aa ???????????????????????? | | ?????????????????? #???????????????????????? | | ?????????????????? %| #???????????????????????? | | ?????????????????## aa #???????????????????????? | | ???????????????### #???????????????????????? | | ???????????????# ###?????????????????????? | | ??????????????## ##????????????????????? | | ?????????????## #????????????????????? | | ?????????????# a# ##????????????????????? | | ?????????????## ##???????????????????? | | ?????????????# a #???????????????????? | | ?????????????# #???????????????????? | | ?????????????# a ##???????????????????? | | ????## ####### ##?? #???????????????? | | ????# # @ ## ##??????????????? | | ????# # # ##?????????????? | | ????# ### #### " " ##????????????? | | ????#####??## ##??## u """ ##???????????? | | ????????#### ##????# """ #???????????? | | ???????## #?????## #???????????? | | ??????## ##??????#u ##???????????? | | ??????# ##???????# #####????????????? | | ??????# ##????##### ##????????????????? | | ??????## ####?????# #?????????????????? | | ???????####????????# ##?????????????????? | | ???????????????????# ##########??????????????????? | | ???????????????????# #???????????????????????????? | | ???????????????????# ######??????????????????????? | | ??????????????????## ##?????????????????????? | | ??????????????????# < ##????????????????????? | | ??????????????????# #????????????????????? | | ??????????????????# """ ??????????????? | | ?????????????###### """ ??????????????? | | ?????????????# """ #######???????????????? | | ?????????????#%##### ##?????????????????????? | | ?????????????#%#???## ##??????????????????????? | | ???###########[#?????#####???????????????????????? | | ???# #?????????????????????????????????? | | ???# ###########?????????????????????????????????? | +----------------------------------------------------+ Best States ------------- Heat Dissipation 28 Energy Generation 14 Energy Capacity 280 Matter Stores 300 Matter Capacity 300 Sight Range 16 Terrain Scan Density 10 Armor Coverage 450 Evasion (%) 40 Recoil Reduction 3 Item Schematics ----------------- Hacking Suite | -9/Materials | Scanalyzed Propulsion Shielding | -9/Materials | Scanalyzed Utility Shielding | -9/Materials | Scanalyzed Robot Schematics ------------------ None Fabricated ------------ Nothing Repaired ---------- Nothing Studied --------- None Alien Tech Used ----------------- None Achievements -------------- Backstab Challenges ------------ None Game ------ Seed VampiricCoreScanner Manual? 0 Play Time 00:44:00 Cumulative 4.5 hours Start 2026.01.04 @ 01:41:25 End 2026.01.04 @ 02:36:12 Sessions 1 Manual Loads 0 Difficulty Rogue Special Mode None Game No. 9 Rogue 9 Adventurer 0 Explorer 0 Win Type - Total 0 Types 0/0/0/0/0/0/0/0/0/0 Lore% 2 Gallery% 8 Achievement% 9 Wizard Run 0 Options --------- Layout 1 ASCII 0 Keyboard 1 Movement Vi Keybinds 0 Fullscreen 1 Font 24/Smallcaps Map View 50x35 Zoom Use 0% Tactical HUD 0 Map Filters NONE Filters NONE Steam 1 RUN: 97dc15f7-5269-4dc5-b0be-983d740cc77a